AoeStats
← Tetractus

Arabia

508916162Analyzed
2v2 RM · 8d ago on Sep 24, 2026· 18m 51s· 4 players
Game mode
Random Map
Map size
Medium (4 player)
Population
200
Speed
Normal
Resources
Standard
Victory
Conquest
Starting age
Dark Age
Ending age
Imperial Age
RankedLock teamsTeams togetherTeam positionsShared explorationLock speedFull tech treeHidden civsTurbo modeCheats
Victory
Defeat
🇪🇸 Mongols · Spain
1143
+12
🇺🇸 Portuguese · United States
1090
+15
🇵🇷 Huns · Puerto Rico
1062
-14
🇪🇸 Khitans · Spain
1061
-13
thepeiru
2:55 Loom
9:16 Feudal Age
10:05 Double-Bit Axe
15:06 Scale Barding Armor
shortsnorter
8:28 Loom
11:16 Feudal Age
15:04 Castle Age
Tetractus
10:48 Feudal Age
9:28 Loom
17:45 Forging
Buonarroti
9:17 Loom
11:05 Feudal Age
9:20 Loom
11:56 Double-Bit Axe
11:52 Horse Collar
15:20 Scale Barding Armor
15:27 Forging
Connection lost

Rejoining the realm…

Still unreachable

The connection could not be restored.

Session expired

The server has moved on; the page needs a fresh start.